Map: Divergence CE

Players

teddy - Winner!

  • Race: Protoss Protoss
  • League: Diamond
  • Spawn Location: 11:00

babbenilsson - Winner!

  • Race: Terran Terran
  • Spawn Location: 11:00

Ekelpack

  • Race: Zerg Zerg
  • Spawn Location: 5:00

Nyck

  • Race: Terran Terran
  • Spawn Location: 5:00

VOD

Have the link to the VOD?

Description

Time

  • Played on: Oct. 2, 2024, 3:49 p.m.
  • Length: 20:09
Show
View Real Time Build Order
Export as new Build Order

teddy Protoss - Winner!

Build Orders: 1 Gate Expand, Oracle Opening, Carriers 

Get SALT Encoding   

  12  0:00  Probe  
  13  0:12  Probe  
  14  0:18  Pylon  
  14  0:24  Probe  
  15  0:36  Probe (Chrono Boost)  
  15  0:40  Gateway  
  16  0:48  Probe (Chrono Boost)  
  16  0:49  Assimilator  
  17  0:55  Probe (Chrono Boost)  
  18  1:03  Probe  
  19  1:15  Probe  
  20  1:27  Cybernetics Core, Probe  
  21  1:39  Probe  
  22  1:40  Nexus  
  22  1:46  Pylon  
  22  1:51  Probe  
  23  1:56  Assimilator  
  23  2:04  Probe  
  23  2:05  Adept  
  26  2:16  Probe  
  27  2:28  Probe, Stargate  
  28  2:40  Probe  
  29  2:53  Probe (Chrono Boost)  
  29  2:57  Probe (Chrono Boost), Stargate  
  31  3:00  Assimilator  
  32  3:10  Probe (Chrono Boost)  
  32  3:11  Probe (Chrono Boost)  
  33  3:26  Probe  
  34  3:30  Probe  
  35  3:38  Probe  
  39  3:41  Oracle (Chrono Boost)  
  39  3:42  Probe  
  39  3:46  Assimilator  
  42  3:50  Probe  
  42  3:51  Oracle (Chrono Boost)  
  44  3:56  Gateway  
  44  3:57  Gateway, Warp Gate  
  44  3:59  Pylon  
  44  4:01  Pylon  
  44  4:03  Probe  
  44  4:04  Probe  
  46  4:15  Phoenix  
  50  4:17  Probe x2  
  50  4:20  Phoenix  
  52  4:29  Probe x2  
  54  4:39  Gateway  
  54  4:40  Phoenix  
  54  4:41  Probe x2  
  56  4:53  Probe  
  56  4:54  Probe  
  56  4:56  Phoenix  
  60  5:05  Phoenix  
  62  5:11  Pylon  
  62  5:20  Nexus, Probe  
  62  5:23  Pylon  
  62  5:28  Phoenix  
  65  5:50  Probe x2  
  66  5:59  Phoenix  
  66  6:00  Phoenix  
  66  6:02  Probe x2  
  72  6:09  Shield Battery x2  
  72  6:14  Probe  
  73  6:24  Phoenix  
  69  6:51  Phoenix, Probe x3  
  69  6:52  Phoenix  
  76  7:03  Probe  
  76  7:07  Probe x2  
  79  7:15  Probe  
  80  7:22  Phoenix x2  
  82  7:26  Fleet Beacon  
  84  7:31  Probe x2  
  84  7:32  Stargate  
  84  7:34  Assimilator  
  84  7:36  Assimilator  
  86  7:44  Probe  
  86  7:47  Phoenix  
  86  7:49  Probe  
  86  7:50  Probe  
  91  8:08  Phoenix  
  91  8:10  Probe x2  
  93  8:30  Gateway  
  93  8:31  Gateway  
  93  8:32  Gateway  
  93  8:34  Gateway  
  93  8:35  Gateway  
  93  8:37  Twilight Council  
  93  8:45  Cybernetics Core, Anion Pulse-Crystals  
  93  8:53  Pylon  
  93  8:57  Pylon  
  93  8:59  Pylon  
  93  9:02  Pylon  
  93  9:09  Nexus  
  93  9:10  Pylon  
  93  9:11  Probe x2  
  93  9:12  Carrier (Chrono Boost), Pylon  
  93  9:13  Pylon  
  93  9:15  Carrier (Chrono Boost), Probe  
  108  9:18  Carrier (Chrono Boost)  
  108  9:23  Probe  
  115  9:31  Probe  
  116  9:32  Probe  
  117  9:39  Probe  
  117  9:42  Shield Battery  
  117  9:43  Protoss Air Weapons Level 1 (Chrono Boost), Protoss Air Armor Level 1 (Chrono Boost)  
  117  9:44  Shield Battery  
  118  9:46  Shield Battery  
  118  9:50  Forge  
  118  9:52  Probe  
  119  9:56  Probe x2  
  119  9:57  Templar Archives  
  119  9:59  Assimilator  
  121  10:03  Assimilator  
  123  10:15  Void Ray (Chrono Boost)  
  123  10:17  Void Ray (Chrono Boost)  
  135  10:51  Psionic Storm  
  135  10:53  Carrier x2  
  135  10:54  Carrier  
  145  11:03  High Templar x2  
  145  11:04  High Templar x4  
  157  11:18  Robotics Facility  
  161  11:50  Mothership  
  161  12:00  Protoss Air Weapons Level 2 (Chrono Boost)  
  161  12:01  Protoss Air Armor Level 2 (Chrono Boost)  
  161  12:12  Nexus  
  161  12:13  Pylon  
  161  12:14  Pylon  
  161  12:16  Pylon  
  161  12:24  Carrier  
  163  12:31  Carrier  
  169  12:38  Carrier  
  169  12:42  High Templar x4  
  169  12:43  High Templar  
  185  13:01  Charge  
  185  13:05  Warp Prism  
  187  13:31  Carrier  
  193  13:36  Assimilator  
  193  13:40  Assimilator  
  175  14:00  Carrier x2  
  185  14:39  Carrier  
  191  15:36  Carrier  
  191  15:42  Mothership  
  171  16:38  Carrier x2  
  179  16:45  Carrier  
  185  17:14  Pylon  
  185  17:16  Nexus, Pylon x2  
  185  17:42  Carrier x2  
  191  18:16  Carrier  
  197  18:23  Assimilator  
  197  18:28  Warp Prism  
  197  18:30  Assimilator  
Show
View Real Time Build Order
Export as new Build Order

babbenilsson Terran - Winner!

Build Orders: 2 Factory 

Get SALT Encoding   

  12  0:00  SCV  
  13  0:16  SCV  
  13  0:21  Supply Depot  
  14  0:28  SCV  
  16  0:44  Barracks  
  16  0:47  SCV  
  16  0:50  Refinery  
  16  0:59  SCV  
  16  1:01  Refinery  
  17  1:11  SCV  
  18  1:23  SCV  
  19  1:34  Supply Depot, Marine  
  19  1:39  Orbital Command  
  20  1:53  Barracks Tech Lab  
  20  1:54  Factory  
  20  2:06  SCV, Barracks  
  21  2:12  Marine  
  22  2:18  SCV  
  23  2:29  Factory  
  23  2:50  Siege Tank, Barracks Reactor  
  26  2:53  SCV  
  28  3:05  SCV  
  28  3:12  Command Center  
  28  3:17  SCV  
  29  3:20  Marine  
  30  3:38  Marine  
  31  3:49  Supply Depot  
  31  4:07  Supply Depot  
  31  4:08  Supply Depot  
  31  4:09  Supply Depot  
  31  4:11  Siege Tank, Hellion x2  
  38  4:19  Infernal Pre-Igniter  
  38  4:32  Hellion x2  
  38  4:33  SCV x2  
  44  4:43  Siege Tank  
  47  4:54  Hellion x2  
  47  4:59  SCV x2  
  53  5:15  Siege Tank, Hellion x2  
  53  5:18  SCV  
  53  5:19  SCV  
  62  5:27  Armory  
  62  5:37  Marine x2  
  52  5:50  Hellion  
  52  5:51  Hellion  
  52  5:53  Siege Tank  
  59  6:05  SCV  
  59  6:06  SCV  
  61  6:12  Refinery, Hellion x2  
  61  6:18  SCV x2  
  67  6:25  Siege Tank  
  67  6:30  SCV  
  47  6:50  Hellion x2  
  51  6:54  Marine  
  51  6:56  Barracks Tech Lab  
  51  6:58  Siege Tank  
  53  7:17  Hellion x2  
  57  7:23  Terran Vehicle Weapons Level 1  
  57  7:30  Siege Tank  
  56  8:00  Barracks Reactor  
  56  8:01  Barracks Tech Lab  
  56  8:02  Siege Tank  
  56  8:03  SCV x2  
  61  8:15  SCV  
  61  8:17  Factory  
  62  8:20  Factory  
  62  8:30  Refinery  
  62  8:31  Command Center  
  62  8:34  Siege Tank  
  62  8:37  SCV  
  62  8:40  Orbital Command  
  66  8:49  SCV  
  66  8:51  Armory  
  66  8:54  Siege Tank  
  70  9:06  Siege Tank  
  73  9:26  Siege Tank  
  73  9:29  Factory Tech Lab  
  73  9:31  Factory Tech Lab  
  76  9:34  Terran Vehicle Weapons Level 2  
  76  9:39  Terran Vehicle And Ship Armor Level 1  
  76  9:43  Supply Depot x2, Siege Tank  
  76  9:44  Supply Depot  
  79  9:46  SCV  
  79  9:47  SCV  
  81  9:53  Orbital Command  
  81  9:58  SCV  
  81  9:59  SCV  
  83  10:08  Siege Tank x2  
  83  10:11  SCV x2  
  92  10:21  SCV  
  92  10:23  SCV x2  
  92  10:26  Siege Tank x2  
  100  10:33  SCV  
  100  10:35  SCV  
  102  10:52  Siege Tank x2  
  108  11:16  Siege Tank x2  
  114  11:42  Siege Tank  
  117  11:52  Supply Depot  
  117  11:54  Supply Depot  
  117  11:56  Supply Depot x2  
  117  11:59  Refinery  
  117  12:00  Refinery, Terran Vehicle And Ship Armor Level 2  
  117  12:14  Siege Tank x2  
  117  12:38  Terran Vehicle Weapons Level 3  
  117  12:45  Siege Tank  
  117  12:46  Siege Tank  
  117  12:50  Combat Shield  
  123  12:52  Marine  
  123  12:53  Marine x2  
  126  13:10  Marine x3  
  129  13:23  Siege Tank x2  
  129  13:24  Siege Tank x2  
  141  13:28  Marine x3  
  144  13:46  Marine x3  
  147  14:04  Marine  
  148  14:29  Supply Depot  
  148  14:30  Supply Depot  
  148  14:32  Supply Depot  
  148  14:34  Terran Vehicle And Ship Armor Level 3  
  148  14:51  Siege Tank x3  
  148  14:52  Siege Tank  
  160  15:23  Siege Tank x3  
  160  15:24  Siege Tank  
  172  15:31  Supply Depot  
  172  15:32  Supply Depot  
  172  15:34  Supply Depot  
  172  15:52  Supply Depot  
  172  15:53  Supply Depot  
  172  15:55  Supply Depot, Siege Tank x3  
  172  15:56  Siege Tank  
  172  16:27  Siege Tank  
  164  16:59  Siege Tank x4  
  170  17:22  Command Center  
  170  17:23  Refinery  
  170  17:31  Siege Tank x4  
  169  17:46  Refinery  
  154  18:03  Siege Tank x4  
  166  18:35  Siege Tank x4  
  178  18:43  Orbital Command  
  178  18:58  Orbital Command  
  178  19:07  Siege Tank  
  181  19:11  Barracks Tech Lab  
  181  19:13  Ghost Academy  
  181  19:18  Ghost Academy  
  181  19:20  Ghost Academy x2  
Show
View Real Time Build Order
Export as new Build Order

Ekelpack Zerg 

Build Orders: Hatch First 

Get SALT Encoding   

  12  0:00  Drone  
  13  0:13  Overlord  
  13  0:17  Drone  
  14  0:32  Drone  
  15  0:47  Hatchery  
  15  0:49  Drone  
  15  1:05  Spawning Pool  
  15  1:08  Drone  
  15  1:12  Drone  
  15  1:15  Drone  
  17  1:19  Extractor  
  17  1:21  Drone  
  17  1:30  Drone  
  18  1:41  Drone  
  19  1:56  Drone  
  19  1:57  Queen  
  19  2:00  Drone  
  23  2:04  Queen  
  25  2:12  Overlord  
  25  2:17  Drone  
  25  2:21  Drone  
  27  2:23  Drone  
  28  2:30  Drone  
  28  2:33  Drone  
  28  2:36  Extractor  
  29  2:39  Lair  
  29  2:45  Drone  
  29  2:51  Drone x2  
  32  2:54  Drone  
  33  2:58  Extractor  
  33  3:01  Drone  
  33  3:08  Drone  
  34  3:21  Drone x2  
  36  3:34  Overlord x2  
  36  3:41  Hydralisk Den  
  36  3:45  Evolution Chamber  
  36  3:46  Extractor  
  36  3:47  Overlord  
  33  3:48  Drone  
  33  3:49  Drone x2  
  36  3:56  Drone x2  
  36  3:57  Drone x3  
  41  4:13  Hydralisk x3  
  41  4:14  Grooved Spines  
  41  4:15  Zerg Missile Weapons Level 1  
  47  4:17  Hydralisk x2  
  47  4:20  Queen  
  53  4:33  Drone x2  
  53  4:34  Drone  
  53  4:36  Hydralisk  
  53  4:37  Hydralisk  
  55  4:57  Spore Crawler  
  55  4:58  Drone x3  
  57  5:07  Muscular Augments  
  57  5:11  Drone x3  
  60  5:30  Overlord x3  
  60  5:41  Hatchery  
  59  5:47  Roach Warren, Hydralisk x3  
  59  5:48  Hydralisk x3  
  70  6:03  Hydralisk x4  
  78  6:11  Zerg Missile Weapons Level 2  
  72  6:53  Glial Reconstitution  
  72  6:54  Hydralisk  
  72  6:55  Hydralisk x4  
  72  6:56  Overlord x2  
  82  7:04  Queen  
  84  7:31  Overlord x2  
  84  7:32  Hydralisk x4  
  84  7:33  Hydralisk x6  
  104  8:11  Overlord x2  
  104  8:12  Hydralisk x6  
  110  8:13  Hydralisk x3  
  122  8:22  Overlord  
  122  8:29  Queen  
  122  8:33  Drone x2  
  126  8:42  Zerg Ground Armor Level 1  
  126  8:52  Infestation Pit  
  125  8:58  Drone x3  
  125  9:00  Extractor  
  127  9:27  Overlord  
  127  9:28  Overlord x2, Hydralisk x3  
  127  9:29  Roach x2  
  137  9:33  Tunneling Claws  
  137  9:37  Drone  
  137  9:38  Overlord  
  138  9:55  Overlord  
  138  9:56  Overlord  
  139  10:00  Drone x4  
  142  10:26  Roach x3  
  142  10:27  Overlord x3, Roach x3  
  154  10:30  Hive  
  154  10:50  Hydralisk x2  
  154  10:55  Zerg Ground Armor Level 2  
  158  11:03  Extractor  
  157  11:43  Ultralisk Cavern  
  157  11:45  Hydralisk x4  
  157  11:46  Hydralisk x5  
  174  12:15  Roach x7  
  186  12:32  Roach x5  
  186  12:33  Roach x2  
  200  12:44  Chitinous Plating  
  200  13:15  Zerg Melee Weapons Level 1  
  200  13:16  Hatchery  
  199  13:59  Evolution Chamber  
  198  14:06  Anabolic Synthesis  
  198  14:07  Hydralisk  
  198  14:57  Zerg Ground Armor Level 3  
  194  15:11  Ultralisk x3  
  200  15:44  Zerg Melee Weapons Level 2  
  150  16:18  Ultralisk x4  
  150  16:19  Ultralisk x2, Hydralisk x7  
  150  16:20  Hydralisk x4  
  182  16:30  Hydralisk x2  
  186  16:34  Hydralisk  
  186  16:35  Hydralisk  
  178  16:45  Hydralisk x4  
  170  16:54  Hydralisk x2  
  170  16:55  Hydralisk x2  
  174  17:09  Hydralisk  
  174  17:10  Hydralisk x4  
  174  17:13  Ultralisk  
  190  17:44  Ultralisk x5  
  152  17:45  Zergling x4  
  152  17:46  Zergling x12  
  152  17:47  Zergling x8  
  112  18:02  Hydralisk x4  
  112  18:03  Hydralisk x2  
  124  18:17  Extractor  
  123  18:20  Queen  
  123  18:26  Extractor  
  124  18:47  Metabolic Boost  
  124  19:24  Hydralisk x3  
Show
View Real Time Build Order
Export as new Build Order

Nyck Terran 

Build Orders: 2 Factory, Mech 

Get SALT Encoding   

  12  0:01  SCV  
  13  0:13  Supply Depot  
  13  0:17  SCV  
  14  0:29  SCV  
  15  0:39  Barracks  
  15  0:42  SCV  
  16  0:51  Refinery  
  16  0:54  SCV  
  17  1:06  SCV  
  17  1:10  Refinery  
  18  1:19  SCV  
  19  1:38  Command Center  
  19  1:44  Orbital Command  
  19  1:48  Marine  
  20  2:02  Factory  
  20  2:16  SCV  
  21  2:28  SCV  
  22  2:31  Barracks Tech Lab, Factory  
  22  2:40  SCV  
  23  2:52  Orbital Command, Refinery  
  23  2:54  SCV  
  24  3:03  Barracks Reactor  
  24  3:08  Infernal Pre-Igniter  
  26  3:13  Hellion  
  26  3:19  Hellion  
  28  3:21  SCV x2  
  30  3:33  SCV  
  31  3:34  Factory  
  31  3:36  Hellion  
  31  3:39  SCV  
  34  3:44  Hellion  
  34  3:47  SCV  
  37  3:51  SCV  
  38  3:58  Refinery  
  38  4:06  Supply Depot  
  38  4:20  Barracks Reactor  
  38  4:28  SCV x2, Hellion  
  38  4:29  Hellion, Command Center  
  44  4:39  Supply Depot  
  44  4:40  SCV x2  
  46  5:00  Cyclone  
  46  5:01  Supply Depot  
  48  5:07  Engineering Bay  
  48  5:10  SCV  
  48  5:11  SCV  
  50  5:16  Supply Depot  
  50  5:23  SCV  
  50  5:24  SCV  
  52  5:36  SCV x2  
  52  5:39  Supply Depot  
  54  5:48  SCV x2  
  54  5:55  Siege Tank  
  57  6:00  SCV x2  
  57  6:01  Supply Depot  
  59  6:04  Factory Tech Lab  
  59  6:12  SCV  
  59  6:27  Siege Tank  
  50  6:45  Siege Tank  
  49  6:56  Orbital Command  
  49  6:59  Siege Tank  
  51  7:05  SCV  
  51  7:06  SCV  
  53  7:14  Missile Turret  
  46  7:16  Missile Turret x2  
  46  7:17  Siege Tank, SCV  
  46  7:18  SCV  
  50  7:24  SCV  
  50  7:29  Command Center  
  52  7:30  SCV x2  
  52  7:31  Siege Tank  
  52  7:36  SCV  
  57  7:37  Sensor Tower  
  57  7:42  SCV x2, Missile Turret  
  59  7:47  Hellion  
  59  7:48  SCV, Hellion  
  59  7:50  Siege Tank  
  67  7:54  SCV x2  
  69  8:03  Siege Tank  
  69  8:07  SCV  
  69  8:08  SCV  
  69  8:11  Missile Turret  
  69  8:12  SCV  
  72  8:14  Missile Turret  
  72  8:18  Hellion  
  72  8:19  SCV  
  75  8:20  SCV  
  75  8:22  Siege Tank  
  75  8:24  SCV  
  80  8:32  SCV x2  
  82  8:36  Siege Tank  
  82  8:38  SCV  
  86  8:44  SCV x2  
  88  8:54  Siege Tank, Hellion x2  
  95  9:08  Siege Tank  
  98  9:16  Widow Mine x2  
  102  9:22  SCV x3  
  105  9:26  Widow Mine  
  107  9:37  Hellion x2  
  111  9:40  Hellion  
  111  9:44  Armory  
  113  9:47  Hellion, Armory  
  115  10:20  SCV  
  116  10:25  Refinery  
  116  10:27  Supply Depot  
  116  10:32  SCV x2  
  116  10:34  Refinery  
  116  10:49  Supply Depot, Thor  
  116  10:52  Hellion  
  124  11:11  Thor, Hellion  
  132  11:12  Supply Depot  
  132  11:33  Thor  
  132  11:34  Supply Depot, Hellion  
  140  11:56  SCV x2, Thor  
  140  11:57  Supply Depot  
  148  12:01  SCV  
  148  12:03  Hellion x2  
  148  12:05  Terran Vehicle And Ship Armor Level 1  
  148  12:06  Terran Vehicle Weapons Level 1  
  153  12:16  Thor  
  153  12:21  Supply Depot  
  144  12:38  Thor  
  147  12:59  Thor  
  147  13:01  Starport  
  147  13:02  Starport  
  147  13:05  Starport  
  153  13:15  Armory  
  153  13:21  Thor  
  157  13:38  Starport  
  157  13:42  Thor, Starport  
  157  13:43  Starport  
  157  13:46  Command Center  
  163  14:03  Starport Reactor x3  
  163  14:04  Thor  
  169  14:24  Thor  
  175  14:49  Starport Reactor  
  175  14:50  Starport Reactor x2  
  175  14:54  Terran Ship Weapons Level 1  
  175  14:56  Terran Vehicle And Ship Armor Level 2  
  175  14:57  Terran Vehicle Weapons Level 2  
  154  15:34  Starport  
  154  15:37  Starport  
  154  15:40  Starport  
  154  15:55  Orbital Command  
  154  16:02  Viking x2  
  154  16:03  Viking x2  
  162  16:13  Starport  
  162  16:16  Starport  
  162  16:19  Starport  
  103  16:49  Viking x2  
  103  16:52  Starport  
  113  17:13  Starport Reactor  
  109  17:17  Starport Reactor  
  109  17:19  Starport Reactor, Viking x2  
  109  17:21  Starport Reactor  
  111  17:25  Starport Tech Lab x2  
  111  17:26  Starport Tech Lab  
  93  17:49  Viking  
  64  18:08  Viking x2  
  64  18:09  Viking x7  
  64  18:10  Viking  
  74  18:38  Viking x3  
  74  18:39  Viking x6  
  92  19:00  Hellion  
  92  19:01  Hellion x3  
  100  19:07  Marine  
  100  19:08  Marine  
  102  19:22  Hellion x4  
  110  19:25  Marine  
  110  19:26  Marine  
  110  19:29  Viking x2  
  101  19:43  Marine x2, Hellion x3  
  101  19:44  Hellion  
Tags
 
Add a new tag
Caveats
  • Supply blocks, unpowered buildings, or Contaminate may cause inaccurate times.
  • Supply counts are checked every 10 seconds.